Map: Blackburn LE

Players

Astrea - Winner!

  • Race: Protoss Protoss

Scarlett

  • Race: Zerg Zerg

Event: DreamHack SC2 Masters 2021 Winter

VOD

Have the link to the VOD?

Description

Time

  • Played on: Oct. 10, 2021, 4:46 p.m.
  • Length: 4:47

All games in this series

Show
View Real Time Build Order
Export as new Build Order

Astrea Protoss - Winner!

Build Orders: Nexus First 

Get SALT Encoding   

  12  0:00  Probe  
  13  0:12  Probe  
  14  0:17  Pylon  
  14  0:24  Probe  
  15  0:36  Probe  
  16  0:48  Probe  
  17  0:58  Nexus  
  17  1:09  Gateway  
  17  1:12  Probe (Chrono Boost)  
  17  1:17  Assimilator  
  18  1:21  Probe (Chrono Boost)  
  19  1:25  Assimilator  
  19  1:27  Probe (Chrono Boost)  
  20  1:39  Probe  
  21  1:41  Gateway  
  21  1:51  Probe  
  22  1:56  Cybernetics Core  
  22  2:05  Probe (Chrono Boost)  
  23  2:09  Pylon  
  23  2:10  Probe (Chrono Boost)  
  25  2:20  Probe x2 (Chrono Boost)  
  26  2:25  Probe (Chrono Boost)  
  26  2:27  Probe  
  26  2:29  Adept x2 (Chrono Boost)  
  28  2:34  Warp Gate  
  32  2:37  Probe  
  32  2:39  Probe  
  34  2:49  Probe  
  35  2:51  Probe  
  35  2:52  Sentry, Stalker  
  40  3:01  Probe  
  40  3:04  Pylon, Probe  
  42  3:13  Probe  
  42  3:16  Probe  
  42  3:18  Adept (Chrono Boost)  
  46  3:25  Probe  
  46  3:26  Adept (Chrono Boost)  
  49  3:34  Probe  
  49  3:36  Pylon  
  49  3:39  Shield Battery  
  50  3:42  Probe  
  50  3:45  Gateway  
  51  3:48  Pylon  
  51  3:50  Probe  
  51  3:54  Probe  
  49  4:00  Assimilator x2, Pylon  
  49  4:02  Probe  
  50  4:08  Pylon, Probe  
  49  4:14  Probe  
Show
View Real Time Build Order
Export as new Build Order

Scarlett Zerg 

Build Orders: Hatch First 

Get SALT Encoding   

  12  0:00  Drone  
  13  0:12  Overlord  
  13  0:17  Drone  
  14  0:30  Drone  
  14  0:31  Drone  
  16  0:47  Hatchery  
  15  0:51  Drone  
  15  0:54  Drone  
  17  0:58  Drone  
  17  1:01  Extractor  
  17  1:13  Spawning Pool  
  17  1:17  Drone  
  17  1:20  Drone  
  18  1:28  Drone  
  19  1:38  Drone  
  20  1:49  Drone  
  21  1:59  Queen x2  
  21  2:00  Zergling x2  
  26  2:02  Metabolic Boost  
  26  2:09  Overlord  
  26  2:13  Drone  
  27  2:21  Zergling x2  
  28  2:28  Zergling x4  
  30  2:34  Zergling x4  
  32  2:44  Overlord  
  32  2:47  Hatchery  
  31  2:53  Zergling x2  
  31  2:54  Zergling x4  
  34  3:04  Zergling x4  
  35  3:10  Zergling x10  
  40  3:25  Zergling x6  
  43  3:41  Zergling x2  
  40  3:53  Zergling x14  
  44  3:56  Zergling x2  
  44  3:59  Zergling x2  
  44  4:00  Zergling x2  
  44  4:07  Zergling x4  
  42  4:10  Zergling x2  

Tags
 
Add a new tag
Caveats
  • Supply blocks, unpowered buildings, or Contaminate may cause inaccurate times.
  • Supply counts are checked every 10 seconds.